 Dungeon Crawl Stone Soup version 0.30-a0-913-g9934a0ce24 (webtiles) character file.

Game seed: 3772880435616713994

15619 Jeffwins the Frost Mage (level 12, -4/79 HPs)
             Began as a Human Wanderer on Mar 19, 2023.
             Was a Priest of Vehumet.
             Slain by a komodo dragon (19 damage)
             ... on level 2 of the Lair of Beasts.
             The game lasted 00:25:51 (15949 turns).

Jeffwins the Frost Mage (Human Wanderer)           Turns: 15949, Time: 00:25:51

Health: -4/79      AC: 37    Str: 18    XL:     12   Next: 59%
Magic:  18/18      EV:  1    Int: 23    God:    Vehumet [***...]
Gold:   289        SH:  5    Dex: 11    Spells: 8/19 levels left

rFire   + . .      SeeInvis .    a - +2 spear (venom)
rCold   + . .      Faith    .    g - +0 buckler
rNeg    . . .      Spirit   .    i - +9 scales of the Dragon King {rPois rF+ rC+ Will+}
rPois   +          Reflect  .    M - +2 helmet {Int+3}
rElec   .          Rampage  .    (no cloak)
rCorr   .                        J - +2 pair of gloves
Will    +....                    E - +2 pair of boots Stlth
                                 (no amulet)
HPRegen 0.33/turn                O - +4 ring of protection
MPRegen 0.16/turn                S - +6 ring of strength

@: no status effects
A: no striking features
a: Renounce Religion


You were on level 2 of the Lair of Beasts.
You worshipped Vehumet.
Vehumet was most pleased with you.
You visited 3 branches of the dungeon, and saw 14 of its levels.

You collected 2029 gold pieces.
You spent 1740 gold pieces at shops.


   Skills:
 + Level 2.3 Fighting
 * Level 7.6 Polearms
 - Level 1.0 Throwing
 + Level 4.9 Armour
 - Level 5.0 Stealth
 + Level 5.5 Shields
 - Level 4.0 Spellcasting
 * Level 7.2 Conjurations
 - Level 6.0 Summonings
 + Level 1.7 Transmutations
 * Level 8.8 Ice Magic
 * Level 7.1 Earth Magic
 + Level 5.1 Evocations


You had 8 spell levels left.
You knew the following spells:

 Your Spells              Type           Power      Damage    Failure   Level
v - Summon Ice Beast      Ice/Summ       38%        N/A       100%        4
x - Stone Arrow           Conj/Erth      74%        3d11      83%         3
I - Blink                 Tloc           8%         N/A       100%        2
X - Wereblood             Tmut           12%        N/A       100%        2

Your spell library contained the following spells:

 Spells                   Type           Power      Damage    Failure   Level
 Fulminant Prism          Conj/Hex       10%        3d8       100%        4
 Freeze                   Ice            100%       1d10      28%         1
 Sandblast                Erth           74%        2d16      50%         1
 Ozocubu's Armour         Ice            45%        N/A       98%         3
 Passwall                 Tmut/Erth      20%        N/A       100%        2
 Sublimation of Blood     Necr           4%         N/A       100%        2
 Call Canine Familiar     Summ           32%        N/A       100%        3
 Portal Projectile        Hex/Tloc       8%         N/A       100%        3
 Leda's Liquefaction      Hex/Erth       10%        N/A       100%        4
 Manifold Assault         Tloc           4%         N/A       100%        4
 Yara's Violent Unravell  Hex/Tmut       4%         3d4       100%        5
 Conjure Ball Lightning   Conj/Air       10%        3x3d6     100%        6
 Enfeeble                 Hex            2%         N/A       100%        7
 Ozocubu's Refrigeration  Ice            22%        4d12      100%        7
 Storm Form               Tmut/Air       4%         N/A       100%        7
 Summon Hydra             Summ           16%        N/A       100%        7
 Discord                  Hex            2%         N/A       100%        8
 Disjunction              Tloc           2%         N/A       100%        8

Inventory:

Hand Weapons
 a - a +2 spear of venom (weapon)
 b - a +2 trident of flaming
 B - a +1 arbalest of draining
 Z - a -2 demon whip of venom
Missiles
 o - 4 atropa-tipped darts
 G - a throwing net {=f}
 T - 53 poisoned darts (quivered)
Armour
 g - a +0 buckler (worn)
 i - the +9 scales of the Dragon King (worn) {rPois rF+ rC+ Will+}
   (You bought it in a shop on level 3 of the Dungeon)

   rF:        It protects you from fire.
   rC:        It protects you from cold.
   rPois:     It protects you from poison.
   Will:      It increases your willpower.
 t - a +0 kite shield
 y - the +0 ring mail of Leaves {rPois rN+ Int+2 Stlth-}
   (You found it on level 5 of the Dungeon)

   Int:       It affects your intelligence (+2).
   rPois:     It protects you from poison.
   rN:        It protects you from negative energy.
   Stlth:     It makes you less stealthy.
 E - a +2 pair of boots (worn)
 J - a +2 pair of gloves (worn)
 M - a +2 helmet of intelligence (worn)
 P - an orb of mayhem
Magical Staves
 u - a staff of death
Jewellery
 c - a ring of protection from cold
 v - a ring of see invisible
 C - a ring of ice
 F - a ring of protection from fire
 L - a ring of flight
 O - a +4 ring of protection (left hand)
 R - a ring of resist corrosion
 S - a +6 ring of strength (right hand)
Wands
 p - a wand of flame (10)
 q - a wand of quicksilver (2)
 r - a wand of mindburst (9)
 A - a wand of polymorph (5)
 H - a wand of paralysis (12)
 N - a wand of iceblast (5)
Scrolls
 e - 10 scrolls of teleportation {@r4}
 f - 2 scrolls of blinking
 h - a scroll of magic mapping
 k - 2 scrolls of fear
 m - a scroll of butterflies
 n - 2 scrolls of fog
 w - a scroll of enchant armour
 x - a scroll of poison
 z - 2 scrolls of amnesia
 D - a scroll of silence {!r}
 K - 3 scrolls of immolation {!r}
Potions
 d - 2 potions of cancellation
 j - 4 potions of curing {@q1}
 l - 2 potions of berserk rage {!q}
 s - 3 potions of flight {unknown}
 Q - 5 potions of haste {@q3}
 U - a potion of might {unknown}
 V - a potion of lignification {unknown}
 W - 2 potions of mutation {unknown}
 X - a potion of heal wounds {@q2}

Dungeon Overview and Level Annotations

Branches:
Dungeon (11/15)            Temple (1/1) D:5            Lair (2/5) D:8
    Orc (0/2) D:9
  Swamp: Lair:2-3    Shoals: Lair:2-3     Snake: Lair:2-3    Spider: Lair:2-3

Altars:
Ashenzari
Cheibriados
Dithmenos
Elyvilon
Fedhas
Gozag
Hepliaklqana
Kikubaaqudgha
Makhleb
Nemelex Xobeh
Okawaru
Qazlal
Ru
Sif Muna
Trog
Uskayaw
Vehumet
Wu Jian
Xom
Yredelemnul
Zin
The Shining One

Shops:
D:3 [   D:5 *

Annotations:
D:5 1 runed translucent door

. .. ....... .. #.
.......... ...
#.###.#P........
...##..#..#P........
...............#....
.....!.........P....
................P#..#
............$........
......l@.............
......l..............
..$.#######........#.##
..# ##.....####.## .
#.....#.....##
##....##.....#
##.....P.....#
#............#
##.....P....#.


You could see a komodo dragon (extremely poisoned) and a wyvern (very poisoned).


Message History

* * * LOW HITPOINT WARNING * * *
The komodo dragon bites you!
* * * LOW HITPOINT WARNING * * *
You are too injured to fight recklessly!
You are too injured to fight recklessly!
You are too injured to fight recklessly!
You are too injured to fight recklessly!
You are too injured to fight recklessly!
You are too injured to fight recklessly!
You are too injured to fight recklessly!
You are too injured to fight recklessly!
You are too injured to fight recklessly!
Unknown command.
You closely miss the wyvern. The wyvern bites you!
* * * LOW HITPOINT WARNING * * *
You barely miss the wyvern.
The wyvern bites you but does no damage.
The komodo dragon bites you but does no damage.
You hit the wyvern.
The wyvern is lightly wounded.
You block the wyvern's attack.
The komodo dragon completely misses you.
Unknown command.
You barely miss the wyvern.
The wyvern is lightly wounded.
The wyvern bites you but does no damage. x2
You hit the wyvern but do no damage.
The wyvern is poisoned.
The wyvern is lightly wounded.
The komodo dragon bites you!!
You die...

Skill      XL: |  1  2  3  4  5  6  7  8  9 10 11 12 |
---------------+-------------------------------------+-----
Summonings     | 1 2 3 4 5 6 |  6.0
Polearms       | 1 2 3 4 5 7 |  7.6
Stealth        | 2 3 4 5 |  5.0
Shields        | 1 2 3 4 5 |  5.5
Spellcasting   | 3 4 |  4.0
Conjurations   | 1 2 4 5 6 7 |  7.2
Ice Magic      | 5 6 7 8 |  8.8
Earth Magic    | 1 2 4 5 6 7 |  7.1
Evocations     | 1 2 3 4 5 |  5.1
Armour         | 3 4 |  4.9
Fighting       | 1 2 |  2.3
Transmutations | 1 |  1.7
Throwing       | |  1.0

Action                     |  1- 3 |  4- 6 |  7- 9 | 10-12 || total
---------------------------+-------+-------+-------+-------++-------
  Melee: Dagger            |     6 |       |       |       ||     6
         Spear             |    25 |    28 |   230 |   918 ||  1201
         Trident           |       |    18 |    16 |       ||    34
   Cast: Freeze            |    32 |    66 |    49 |       ||   147
         Stone Arrow       |       |       |     2 |       ||     2
         Summon Ice Beast  |       |       |     1 |       ||     1
  Evoke: Wand              |       |       |    11 |    16 ||    27
    Use: Potion            |     3 |       |     3 |       ||     6
         Scroll            |       |       |     7 |     9 ||    16
   Stab: Sleeping          |       |     4 |     2 |       ||     6
         Paralysed         |       |       |       |     6 ||     6
 Armour: Robe              |     1 |       |       |       ||     1
         Leather armour    |    15 |    19 |    28 |       ||    62
         Ring mail         |       |     7 |       |       ||     7
         Gold dragon scale |       |       |   159 |   681 ||   840
  Dodge: Dodged            |    32 |    19 |    52 |    45 ||   148
  Block: Buckler           |       |     5 |    52 |   144 ||   201

Levels and vault maps discovered:
D:1:      lightli_iron_boxes, layout_basic, basic_ecumenical_altar,
          minmay_gold_behind_fungi, amcnicky_mini_pool_small
D:2:      layout_basic, uniq_sigmund
D:3:      layout_basic, serial_shops, shop_statue, minmay_misc_feat_doors
D:4:      layout_basic, kennysheep_generic_room_5, uniq_duvessa
D:5:      layout_cave_pools, minmay_temple_entry_stoned_glass,
          ebering_ghost_sewer_f, guppyfry_shop_venom
D:6:      layout_cave_pools, mainiacjoe_overflow_tiny_flanked, serial_rivers,
          chequers_serial_rivers_micro_a, chequers_serial_rivers_marsh,
          chequers_serial_rivers_micro_e, chequers_serial_rivers_micro_b,
          chequers_serial_rivers_small_b, chequers_serial_rivers_small_b,
          kb_lookout_dungeons_type
D:7:      layout_loops_cross, grunt_temple_overflow_gold_and_silver
D:8:      layout_gridville, grunt_lair_entry_orc_guard_hut, lightli_minifort
D:9:      layout_stronghold, orc_0_dummy, serial_rivers,
          chequers_serial_rivers_small_b, chequers_serial_rivers_room_b,
          chequers_serial_rivers_large_b, chequers_serial_rivers_micro_d,
          chequers_serial_rivers_marsh, chequers_serial_rivers_micro_b
D:10:     layout_roguey, led_sif_book, minmay_misc_feat_hallway, feat_on_display
D:11:     layout_rooms, uniq_amaemon
Temple:   regret_index_temple_mists
Lair:1:   statuecave_lemuel, layout_regular_city,
          nicolae_volcano_entry_vermiform, uniq_maggie
Lair:2:   layout_regular_city, uniq_erica

Notes
Turn   | Place    | Note
-------+----------+-------------------------------------------
     0 | D:1      | Jeffwins the Human Wanderer began the quest for the Orb.
     0 | D:1      | Jeffwins set off with the following items: a +0 dagger, 15
                  | poisoned darts, a potion of haste {@q3}, a +0 robe; and the
                  | following spell memorised: Freeze; and the following spells
                  | available to memorise: Ozocubu's Armour, Summon Ice Beast.
     0 | D:1      | Reached XP level 1. HP: 13/13 MP: 3/3
   130 | D:1      | Reached XP level 2. HP: 19/19 MP: 3/5
   152 | D:1      | Found a faded altar of an unknown god.
   774 | D:2      | Reached skill level 1 in Summonings
   831 | D:2      | Reached XP level 3. HP: 18/24 MP: 2/6
   925 | D:2      | Noticed Sigmund
  1022 | D:2      | Killed Sigmund
  1023 | D:2      | Reached skill level 1 in Polearms
  1023 | D:2      | Reached skill level 2 in Stealth
  1023 | D:2      | Reached skill level 1 in Shields
  1023 | D:2      | Reached skill level 2 in Summonings
  1023 | D:2      | Reached XP level 4. HP: 12/30 MP: 3/8
  1023 | D:2      | Reached XP level 5. HP: 14/35 MP: 3/9
  1136 | D:2      | Reached skill level 2 in Polearms
  1355 | D:2      | Reached XP level 6. HP: 41/41 MP: 7/10
  1534 | D:2      | Learned a level 4 spell: Summon Ice Beast
  1887 | D:3      | Reached skill level 3 in Spellcasting
  2094 | D:3      | Found Noinguw's Armour Shop.
  2939 | D:4      | Learned a level 3 spell: Stone Arrow
  3450 | D:4      | You fall into a shaft and drop 1 floor!
  3450 | D:5      | Entered Level 5 of the Dungeon
  3463 | D:5      | Identified the +0 ring mail of Leaves {rPois rN+ Int+2
                  | Stlth-}
  3538 | D:5      | Found a runed translucent door.
  3538 | D:5      | Noticed epsilonplus's ghost (novice DrWn)
  3609 | D:5      | Found a runed translucent door.
  3637 | D:4      | Noticed Duvessa
  3660 | D:4      | Killed Duvessa
  3661 | D:4      | Reached skill level 1 in Conjurations
  3661 | D:4      | Reached skill level 5 in Ice Magic
  3661 | D:4      | Reached skill level 1 in Earth Magic
  3661 | D:4      | Reached XP level 7. HP: 46/46 MP: 5/11
  3675 | D:4      | Noticed Dowan
  3686 | D:4      | Killed Dowan
  4501 | D:5      | Noticed a water moccasin
  4507 | D:5      | Killed a water moccasin
  4508 | D:5      | Reached skill level 2 in Shields
  4508 | D:5      | Reached skill level 3 in Summonings
  4508 | D:5      | Reached skill level 1 in Evocations
  4709 | D:5      | Reached XP level 8. HP: 52/52 MP: 9/13
  4952 | D:5      | Reached skill level 3 in Polearms
  4992 | D:5      | Found a staircase to the Ecumenical Temple.
  5018 | Temple   | Entered the Ecumenical Temple
  5181 | Temple   | Became a worshipper of Vehumet
  5218 | D:5      | Reached skill level 2 in Earth Magic
  5265 | D:5      | Found Ongolan's Serpentskin Sales.
  5293 | D:5      | Bought a +2 spear of venom for 187 gold pieces
  5419 | D:5      | Killed epsilonplus's ghost
  5420 | D:5      | Reached skill level 3 in Stealth
  5420 | D:5      | Reached skill level 4 in Spellcasting
  5420 | D:5      | Reached skill level 2 in Conjurations
  5582 | D:5      | Identified a scroll of acquirement
  5582 | D:5      | Acquired 1293 gold pieces
  5635 | D:3      | Bought the +9 scales of the Dragon King {rPois rF+ rC+
                  | Will+} for 1372 gold pieces
  5635 | D:3      | Found the +9 scales of the Dragon King {rPois rF+ rC+
                  | Will+}
  5648 | D:3      | Learned a level 2 spell: Blink
  5832 | D:6      | HP: 2/52 [gnoll/+0 halberd[a gnoll bouda] (9)]
  6055 | D:6      | Reached XP level 9. HP: 46/57 MP: 15/15
  6092 | D:6      | Reached skill level 4 in Summonings
  6176 | D:6      | Reached skill level 3 in Earth Magic
  6184 | D:6      | Reached skill level 3 in Conjurations
  6228 | D:6      | Reached * piety under Vehumet
  6228 | D:6      | Offered knowledge of Shock by Vehumet.
  6229 | D:6      | Reached skill level 4 in Polearms
  6237 | D:6      | Reached skill level 6 in Ice Magic
  6237 | D:6      | Reached skill level 2 in Evocations
  6349 | D:6      | Reached skill level 3 in Shields
  6749 | D:6      | Found a shadowy altar of Dithmenos.
  7297 | D:7      | Found a glowing silver altar of Zin.
  7297 | D:7      | Found an opulent altar of Gozag.
  7382 | D:7      | Reached skill level 4 in Earth Magic
  7395 | D:7      | Reached skill level 4 in Conjurations
  7395 | D:7      | Reached XP level 10. HP: 14/63 MP: 16/16
  7645 | D:7      | Reached skill level 3 in Armour
  7645 | D:7      | Reached skill level 4 in Stealth
  7645 | D:7      | Reached skill level 5 in Summonings
  8139 | D:8      | Reached skill level 5 in Polearms
  8426 | D:8      | Noticed a komodo dragon
  8444 | D:8      | Killed a komodo dragon
  8445 | D:8      | Reached skill level 3 in Evocations
  8487 | D:8      | Offered knowledge of Kiss of Death by Vehumet.
  8536 | D:8      | Reached ** piety under Vehumet
  8856 | D:8      | Reached skill level 7 in Ice Magic
  9008 | D:3      | Bought a +1 helmet of intelligence for 181 gold pieces
  9482 | D:8      | Found a staircase to the Lair.
  9621 | D:9      | Reached skill level 4 in Shields
  9621 | D:9      | Reached skill level 5 in Earth Magic
 10023 | D:9      | Found a staircase to the Orcish Mines.
 10104 | D:9      | Reached skill level 5 in Conjurations
 10468 | D:9      | Reached XP level 11. HP: 62/68 MP: 17/17
 10526 | D:9      | Noticed a two-headed ogre
 10538 | D:9      | Killed a two-headed ogre
 10539 | D:9      | Reached skill level 6 in Polearms
 10539 | D:9      | Reached skill level 6 in Summonings
 10849 | D:10     | Entered Level 10 of the Dungeon
 10961 | D:10     | Found a shimmering blue altar of Sif Muna.
 11497 | D:10     | Reached skill level 4 in Evocations
 11534 | D:10     | Reached skill level 4 in Armour
 11547 | D:11     | Reached skill level 5 in Stealth
 11762 | D:10     | Offered knowledge of Hailstorm by Vehumet.
 12057 | D:10     | Reached *** piety under Vehumet
 12058 | D:10     | Reached skill level 6 in Conjurations
 12058 | D:10     | Reached skill level 6 in Earth Magic
 12509 | D:11     | Reached skill level 8 in Ice Magic
 12770 | D:11     | Noticed Amaemon
 12910 | D:11     | Killed Amaemon
 13349 | D:11     | Reached skill level 1 in Fighting
 13509 | D:11     | Offered knowledge of Fulminant Prism by Vehumet.
 13510 | D:11     | Reached skill level 7 in Polearms
 13522 | D:11     | Reached skill level 5 in Shields
 13522 | D:11     | Reached XP level 12. HP: 18/77 MP: 18/18
 13760 | D:11     | Learned a level 2 spell: Wereblood
 13967 | Lair:1   | Entered Level 1 of the Lair of Beasts
 14252 | Lair:1   | Reached skill level 1 in Transmutations
 14623 | D:8      | Reached skill level 2 in Fighting
 14623 | D:8      | Reached skill level 5 in Evocations
 15154 | Lair:1   | Noticed Maggie
 15155 | Lair:1   | Maggie changed into Maggie the iguana
 15155 | Lair:1   | Noticed Maggie
 15160 | Lair:1   | Killed Maggie the iguana
 15191 | Lair:1   | Reached skill level 7 in Conjurations
 15317 | Lair:1   | Reached skill level 7 in Earth Magic
 15785 | Lair:2   | Noticed Erica
 15802 | Lair:2   | Killed Erica
 15949 | Lair:2   | Slain by a komodo dragon

Vanquished Creatures
  Erica (Lair:2)
  A two-headed ogre (D:9)
  Amaemon (D:11)
  A lindwurm (Lair:1)
  The ghost of epsilonplus the Cutter, a novice DrWn of Jiyva (D:5)
  An unseen horror (D:11)
  An orange demon (D:11)
  4 komodo dragons
  5 trolls (D:11)
  5 blink frogs
  A hornet (D:9)
  Sigmund (D:2)
  30 yaks
  A shadow (D:10)
  A vampire (D:11)
  A wraith (D:7)
  2 basilisks
  4 steam dragons
  4 water moccasins
  Duvessa (D:4)
  A black bear (D:8)
  2 orc warriors (D:8)
  2 ogres
  4 centaurs
  A phantom (D:6)
  6 bullfrogs
  3 kobold brigands
  A gnoll sergeant (D:10)
  2 scorpions
  5 wights (D:6)
  Dowan (D:4)
  2 electric eels
  4 howler monkeys
  4 hounds
  A gnoll bouda (D:6)
  4 orc priests
  A jelly (D:6)
  3 iguanas
  9 orc wizards
  3 sleepcaps
  15 gnolls
  4 adders
  An ufetubus (D:5)
  2 worms
  2 dart slugs (D:2)
  25 orcs
  7 endoplasms
  4 giant cockroaches
  9 goblins
  5 hobgoblins
  6 quokkas
  4 ball pythons
  5 bats
  3 frilled lizards (D:1)
  22 kobolds
  3 rats (D:3)
243 creatures vanquished.

Vanquished Creatures (collateral kills)
  2 adders (D:5)
  A ball python (D:5)
3 creatures vanquished.

Vanquished Creatures (others)
  A bush (D:6)
  18 fungi
  28 plants
  5 toadstools (D:1)
52 creatures vanquished.

Grand Total: 298 creatures vanquished

Table legend: (Time is in decaauts)
 A = Elapsed time spent in this place.
 B = Non-inter-level travel time spent in this place.
 C = Inter-level travel time spent in this place.
 D = Time resting spent in this place.
 E = Time spent auto-exploring this place.
 F = Levels seen in this place.
 G = Mean time per level.
                   A        B        C        D        E       F      G
               +--------+--------+--------+--------+--------+-----+--------+
         Total |  15921 |  14878 |   1043 |   1470 |  10779 |  14 | 1137.2 |
       Dungeon |  14313 |  13319 |    994 |   1464 |   9499 |  11 | 1301.2 |
        Temple |    240 |    205 |     35 |      0 |    185 |   1 |  240.0 |
          Lair |   1366 |   1352 |     14 |      6 |   1094 |   2 |  683.0 |
               +--------+--------+--------+--------+--------+-----+--------+

Top non-repeatable levels by time:
     D:4: 1786 daAuts
     D:8: 1784 daAuts
    D:11: 1587 daAuts
    D:10: 1397 daAuts
     D:9: 1291 daAuts
     D:6: 1274 daAuts
     D:3: 1235 daAuts
  Lair:1: 1165 daAuts
     D:7: 1161 daAuts
     D:5: 1065 daAuts
     D:2: 940 daAuts
     D:1: 789 daAuts
  Temple: 240 daAuts
  Lair:2: 201 daAuts

Table legend:
 A = Non-vault XP
 B = Vault XP
 C = Vault XP percentage of total XP
 D = Non-vault monster count
 E = Vault monster count
 F = Vault count percentage of total count
                 A         B        C        D         E       F
            +---------+---------+-------+---------+---------+-------
      Total |   17296 |    5018 |  22.5 |     219 |      27 |  11.0
            +---------+---------+-------+---------+---------+-------
        D:1 |      19 |       0 |   0.0 |      12 |       0 |   0.0
        D:2 |      36 |     223 |  86.1 |      18 |       1 |   5.3
        D:3 |      60 |       0 |   0.0 |      20 |       0 |   0.0
        D:4 |      77 |     249 |  76.4 |      18 |       4 |  18.2
        D:5 |     502 |     634 |  55.8 |      14 |       6 |  30.0
        D:6 |    1337 |     112 |   7.7 |      31 |       1 |   3.1
        D:7 |    1021 |       0 |   0.0 |      13 |       0 |   0.0
        D:8 |    3482 |    1073 |  23.6 |      25 |       8 |  24.2
        D:9 |    1866 |       0 |   0.0 |      20 |       0 |   0.0
       D:10 |    2927 |      71 |   2.4 |      18 |       2 |  10.0
       D:11 |    3853 |    1137 |  22.8 |      20 |       2 |   9.1
     Lair:1 |    1478 |     685 |  31.7 |       7 |       2 |  22.2
     Lair:2 |     638 |     834 |  56.7 |       3 |       1 |  25.0
            +---------+---------+-------+---------+---------+-------
